AoeStats
← MZTK | GaboxNet .i.

Arabia

508764173Analyzed
1v1 RM · 8d ago on Sep 24, 2026· 32m 32s· 2 players
Game mode
Random Map
Map size
Tiny (2 player)
Population
200
Speed
Normal
Resources
Standard
Victory
Conquest
Starting age
Dark Age
Ending age
Imperial Age
RankedLock teamsTeams togetherTeam positionsShared explorationLock speedFull tech treeHidden civsTurbo modeCheats
Victory
Defeat
🇲🇽 Ethiopians · Mexico
1248
+15
🇺🇸 Saxons · United States
1222
-15
Minika Wildflower
7:47 Loom
10:14 Feudal Age
10:22 Man-at-Arms
11:02 Arson
11:08 Horse Collar
13:34 Double-Bit Axe
20:44 Castle Age
18:37 Fletching
18:49 Padded Archer Armor
20:59 Stone Mining
21:02 Gold Mining
21:10 Elite Skirmisher
22:15 Bodkin Arrow
21:48 Long Swordsman
23:54 Leather Archer Armor
23:43 Scale Mail Armor
27:05 Leather Archer Armor
30:40 Pikeman
MZTK | GaboxNet .i.
7:58 Loom
10:24 Feudal Age
15:12 Double-Bit Axe
15:29 Fletching
22:21 Castle Age
20:42 Horse Collar
21:09 Gold Mining
22:48 Padded Archer Armor
22:25 Crossbowman
23:01 Bodkin Arrow
25:45 Bow Saw
27:24 Wheelbarrow
28:34 Leather Archer Armor
29:30 Scale Barding Armor
Connection lost

Rejoining the realm…

Still unreachable

The connection could not be restored.

Session expired

The server has moved on; the page needs a fresh start.